 Dungeon Crawl Stone Soup version 0.26.1-11-gd32895ea62 (webtiles) character file.

Game seed: 11585816952938103003

25262 Eitelfritz the Carver (level 12, -4/95 HPs)
             Began as a Minotaur Gladiator on May 7, 2021.
             Was a Priest of Hepliaklqana.
             Engulfed by an ice statue's freezing vapour (22 damage)
             ... in an ice cave.
             The game lasted 00:40:07 (12012 turns).

Eitelfritz the Carver (Minotaur Gladiator)         Turns: 12012, Time: 00:40:08

Health: -4/95      AC: 13    Str: 25    XL:     12   Next: 87%
Magic:  11/11      EV: 20    Int:  8    God:    Hepliaklqana [***...]
Gold:   833        SH: 14    Dex: 14    Spells: 11/11 levels left

rFire    + . .     SeeInvis .   a - +1 long sword (venom)
rCold    . . .     Faith    .   I - +2 buckler
rNeg     . . .     Spirit   .   T - +1 ring mail {rF+}
rPois    .         Reflect  +   c - +1 hat
rElec    .         Harm     .   v - +2 cloak {Will+}
rCorr    .         Rampage  .   (no gloves)
Will     +....                  m - +0 pair of boots
Stlth    ++........             u - amulet of reflection
HPRegen  0.25/turn              h - +6 ring of strength
MPRegen  0.12/turn              o - +4 ring of evasion

@: no status effects
A: retaliatory headbutt, reduced essence, horns 2
a: Renounce Religion, Recall Ancestor, Ancestor Identity, Transference


You were in an ice cave.
You worshipped Hepliaklqana.
Hepliaklqana was most pleased with you.
You visited 2 branches of the dungeon, and saw 13 of its levels.
You also visited: Sewer, Ossuary and Ice Cave.

You collected 862 gold pieces.
You spent 29 gold pieces at shops.

Inventory:

Hand Weapons
 a - a +1 long sword of venom (weapon)
 b - a +0 fustibalus
 R - a +2 morningstar of protection
 U - a +2 vorpal longbow
 Y - a +3 long sword
Missiles
 d - 2 throwing nets (quivered)
 e - 94 poisoned darts
 E - 116 sling bullets
 Q - 6 javelins
 V - 8 atropa-tipped darts
 X - 71 arrows
Armour
 c - a +1 hat (worn)
 m - a +0 pair of boots (worn)
 v - a +2 cloak of willpower (worn)
 I - a +2 buckler (worn)
 T - a +1 ring mail of fire resistance (worn)
Jewellery
 h - a +6 ring of strength (left hand)
 o - a +4 ring of evasion (right hand)
 u - an amulet of reflection (around neck)
 w - an uncursed ring of see invisible
 C - a +6 ring of dexterity
 W - an uncursed ring of flight
Wands
 y - a wand of acid (23)
 B - a wand of polymorph (1)
 G - a wand of enslavement (10)
 K - a wand of iceblast (19)
 N - a wand of paralysis (4)
 O - a wand of disintegration (9)
 S - a wand of random effects (27)
Scrolls
 f - 10 scrolls of remove curse
 k - 5 scrolls of teleportation
 q - a scroll of fear
 x - 2 scrolls of identify
 F - a scroll of blinking
 H - a scroll of amnesia {unknown}
 L - 2 scrolls of magic mapping
 M - a scroll of enchant armour
 P - 2 scrolls of enchant weapon
Potions
 g - 3 potions of cancellation
 i - 6 potions of brilliance
 j - 2 potions of ambrosia
 l - 5 potions of haste
 n - a potion of berserk rage {unknown}
 r - 12 potions of curing
 s - 5 potions of flight
 z - 3 potions of might {unknown}
 A - 4 potions of lignification {unknown}
 D - 2 potions of mutation {unknown}
 J - a potion of invisibility {unknown}


   Skills:
 + Level 10.2 Fighting
 + Level 14.6 Long Blades
 + Level 3.0 Maces & Flails
 + Level 3.6(4.2) Slings
 + Level 3.0(3.7) Throwing
 + Level 8.6 Armour
 + Level 8.0 Dodging
 + Level 4.2 Stealth
 + Level 11.1 Shields
 * Level 4.7 Evocations


You had 11 spell levels left.
You didn't know any spells.
Your spell library contained the following spells:

 Spells                   Type           Power        Failure   Level
 Animate Skeleton         Necr           0%           52%         1
 Apportation              Tloc           0%           52%         1
 Corona                   Hex            0%           52%         1
 Summon Small Mammal      Summ           0%           52%         1


Dungeon Overview and Level Annotations

Branches:
Dungeon (12/15)            Temple (1/1) D:7            Lair (0/6) D:11
    Orc (0/2) D:12          Sewer (visited)         Ossuary (visited)
  IceCv (1/1)

Altars:
Ashenzari
Cheibriados
Dithmenos
Elyvilon
Fedhas
Gozag
Hepliaklqana
Kikubaaqudgha
Makhleb
Nemelex Xobeh
Okawaru
Qazlal
Ru
Sif Muna
Trog
Uskayaw
Vehumet
Wu Jian
Xom
Yredelemnul
Zin
The Shining One

Shops:
D:7 *   D:10 *

Annotations:
D:7 exclusion: oklob plant IceCv exclusion: 2 ice statues


Innate Abilities, Weirdness & Mutations

You reflexively headbutt those who attack you in melee.
You have a pair of horns on your head.
Your life essence is reduced to manifest your ancestor. (-10% HP)


Message History

The ice statue is lightly damaged.
You are engulfed in freezing vapours.
The ice beast completely misses you. You furiously retaliate!
You headbutt the ice beast!
You kill the ice beast!
The ice statue gestures.
You hit the ice statue. You headbutt the ice statue.
The ice statue is lightly damaged.
You are engulfed in freezing vapours.
You hit the ice statue but do no damage.
You headbutt the ice statue, but do no damage.
The ice statue is lightly damaged.
You are engulfed in freezing vapours.
The ice statue gestures at you. The shard of ice hits you!
* * * LOW HITPOINT WARNING * * *
The ice statue gestures at you.
The bolt of cold hits the ice statue.
The ice statue completely resists.
The bolt of cold misses you.
You are engulfed in freezing vapours.
You die...

#..# #...## #...##
#....## ### # #..... ####
##.. #8
#....####..#####... ##..
#....##....##..... #....
#☼....††#....÷..∩.
..Y...##@R....###........
#...8○#...### ##..##...
#...☼☼☼..## ######..
##.°○..○..# ###
#.......## ##.....##
#....## ##..## ####


You could see the friendly Cuetlachtli the hexer and an ice statue.

Vanquished Creatures
  A stone giant (D:11)
  A fire dragon (D:11)
  2 hydras (D:11)
  A centaur warrior (D:11)
  A death knight (D:11)
  4 two-headed ogres
  A tengu warrior (D:11)
  A fire crab (shapeshifter) (D:12)
  Pikel (D:7)
  A deep elf mage (D:12)
  A cyclops (D:9)
  A wolf spider (D:12)
  2 ugly things (D:11)
  2 gargoyles
  3 trolls
  3 polar bears (IceCv)
  Grinder (D:6)
  2 slime creatures (D:12)
  Sigmund (D:3)
  A shadow (D:12)
  3 wraiths
  3 wyverns (D:10)
  13 yaks
  A two-headed ogre zombie (D:12)
  2 vampire mosquitoes (D:12)
  Duvessa (D:6)
  2 black bears
  5 ice beasts
  3 sky beasts
  5 orc warriors
  An ogre (D:8)
  4 phantoms
  4 wolves (IceCv)
  4 centaurs
  2 lemures
  4 big kobolds
  2 bullfrogs
  2 elf skeletons (D:8)
  Dowan (D:6)
  4 scorpions
  2 wyvern skeletons
  5 killer bees
  A troll zombie (D:12)
  11 wights
  7 howler monkeys
  A centaur zombie (D:5)
  7 hounds
  5 jellies
  7 orc priests
  3 bullfrog skeletons
  A quasit (D:9)
  Crazy Yiuf (D:7)
  2 human zombies (D:8)
  2 iguanas
  A human skeleton (D:8)
  12 orc wizards
  7 worker ants
  2 big kobold zombies (Ossuary)
  4 ogre zombies (D:12)
  A bullfrog simulacrum (D:12)
  A hound zombie (D:10)
  A mummy (Ossuary)
  4 gnolls (D:6)
  A worker ant zombie (D:7)
  8 adders
  A howler monkey skeleton (D:11)
  2 river rats (Sewer)
  2 shadow imps
  5 white imps
  A worker ant simulacrum (D:11)
  2 ufetubi
  An ooze (D:3)
  2 adder zombies
  4 worms
  A dart slug (D:2)
  3 leopard geckos
  43 orcs
  2 ball pythons
  5 giant cockroaches
  3 gnoll zombies (Ossuary)
  13 goblins
  6 hobgoblins
  13 jackals
  20 kobolds
  8 quokkas
  8 bats
  3 frilled lizards
  2 goblin skeletons (D:12)
  6 goblin zombies
  A hobgoblin skeleton (D:12)
  5 hobgoblin zombies
  A jackal skeleton (D:7)
  A leopard gecko skeleton (D:5)
  2 orc skeletons (D:8)
  13 orc zombies
  2 quokka zombies
  7 rats
382 creatures vanquished.

Vanquished Creatures (collateral kills)
  A two-headed ogre (D:10)
  A gargoyle (D:12)
  A slime creature (D:12)
  A yak (D:11)
  A vampire mosquito (D:12)
  A black bear (D:11)
  2 ogres
  A necrophage (D:10)
  A phantom (D:11)
  A wolf (IceCv)
  2 bullfrogs
  An elf skeleton (D:8)
  A scorpion (D:10)
  2 hounds (D:8)
  An orc priest (D:10)
  A mummy (Ossuary)
  An adder (D:10)
  A shadow imp (D:8)
  A white imp (D:9)
  6 orcs
  A goblin skeleton (D:12)
  A hobgoblin zombie (D:12)
  A kobold (D:10)
  An orc zombie (D:12)
32 creatures vanquished.

Vanquished Creatures (others)
  A polar bear (IceCv)
  A slime creature (D:12)
  A wight (D:7)
  2 hexers
  5 ancestors
  2 kobolds
  A demonic plant (D:12)
  A plant (D:7)
14 creatures vanquished.

Grand Total: 428 creatures vanquished

Notes
Turn   | Place    | Note
-------+----------+-------------------------------------------
     0 | D:1      | Eitelfritz the Minotaur Gladiator began the quest for the
                  | Orb.
     0 | D:1      | Reached XP level 1. HP: 18/18 MP: 0/0
   305 | D:1      | Reached XP level 2. HP: 25/25 MP: 1/1
   728 | D:1      | Reached skill level 4 in Long Blades
   919 | D:2      | You fall into a shaft and drop 2 floors!
   931 | D:4      | Noticed a scorpion
   947 | D:4      | Killed a scorpion
   948 | D:4      | Reached skill level 1 in Armour
   948 | D:4      | Reached XP level 3. HP: 31/31 MP: 2/2
   948 | D:4      | Reached XP level 4. HP: 38/38 MP: 3/3
  1112 | D:3      | Found a glowing drain.
  1123 | Sewer    | Entered a sewer
  1139 | Sewer    | Reached skill level 5 in Long Blades
  1335 | Sewer    | Noticed a big kobold
  1376 | Sewer    | Killed a big kobold
  1377 | Sewer    | Reached XP level 5. HP: 20/45 MP: 4/4
  1602 | Sewer    | Found a glowing silver altar of Zin.
  1737 | D:3      | Noticed Sigmund
  2685 | D:3      | Killed Sigmund
  2686 | D:3      | Reached skill level 6 in Long Blades
  2686 | D:3      | Reached skill level 1 in Stealth
  2686 | D:3      | Reached XP level 6. HP: 51/51 MP: 5/5
  2728 | D:3      | Found a faded altar of an unknown god.
  3035 | D:4      | Found a shimmering altar of Xom.
  3167 | D:4      | Reached XP level 7. HP: 26/58 MP: 6/6
  3171 | D:4      | Reached skill level 7 in Long Blades
  3347 | D:4      | Got a masterwork ring mail
  3469 | D:4      | Found a burning altar of Makhleb.
  3606 | D:4      | Identified the +1 ring mail "Pen Xoll" {rF- Regen+ rCorr
                  | Str+4} (You found it on level 4 of the Dungeon)
  3617 | D:5      | Entered Level 5 of the Dungeon
  3662 | D:5      | Reached skill level 1 in Shields
  3705 | D:5      | Reached skill level 8 in Long Blades
  4146 | D:6      | Reached XP level 8. HP: 61/67 MP: 7/7
  4297 | D:6      | Noticed Grinder
  4308 | D:6      | Killed Grinder
  4309 | D:6      | Reached skill level 5 in Dodging
  4406 | D:6      | Noticed Duvessa
  4407 | D:6      | Noticed Dowan
  4420 | D:6      | Killed Duvessa
  4421 | D:6      | Reached skill level 5 in Fighting
  4421 | D:6      | Reached skill level 9 in Long Blades
  4421 | D:6      | Reached skill level 1 in Slings
  4432 | D:6      | Killed Dowan
  4585 | D:6      | Reached skill level 5 in Armour
  4904 | D:7      | Noticed a gargoyle
  4915 | D:7      | Reached skill level 10 in Long Blades
  4915 | D:7      | Reached XP level 9. HP: 35/74 MP: 8/8
  4920 | D:7      | Killed a gargoyle
  4939 | D:7      | Found Sawkimoj's Assorted Antiques.
  5126 | D:7      | Noticed Pikel
  5140 | D:7      | Killed Pikel
  5141 | D:7      | Reached skill level 5 in Shields
  5160 | D:7      | Bought a scroll labelled QEAXIQ GAMOU for 29 gold pieces
  5259 | D:7      | Found a hide-covered altar of Uskayaw.
  5261 | D:7      | Noticed an oklob plant
  5487 | D:7      | Found a staircase to the Ecumenical Temple.
  5555 | D:7      | Found a runed translucent door.
  5556 | D:7      | Noticed Crazy Yiuf
  5791 | D:7      | Killed Crazy Yiuf
  5997 | Temple   | Entered the Ecumenical Temple
  6072 | Temple   | Became a worshipper of Hepliaklqana the Forgotten
  6275 | D:8      | Reached skill level 11 in Long Blades
  6306 | D:8      | Noticed a troll
  6322 | D:8      | Killed a troll
  6340 | D:8      | Reached XP level 10. HP: 64/75 MP: 9/9
  6410 | D:8      | Noticed a two-headed ogre
  6422 | D:8      | Killed a two-headed ogre
  6580 | D:8      | Found a sand-covered staircase.
  6588 | Ossuary  | Entered an ossuary
  6887 | D:8      | Reached skill level 12 in Long Blades
  6946 | D:8      | Got a slimy mace
  7131 | D:8      | Reached * piety under Hepliaklqana
  7239 | D:8      | Identified the cursed +1 mace of Gahienet {venom, *Corrode
                  | Str-2 Int+9 SInv} (You found it on level 8 of the Dungeon)
  7502 | D:9      | Noticed a cyclops
  7520 | D:9      | Killed a cyclops
  7797 | D:9      | Noticed a two-headed ogre
  7823 | D:9      | Killed a two-headed ogre
  7891 | D:9      | Reached XP level 11. HP: 82/84 MP: 10/10
  7966 | D:9      | Reached skill level 13 in Long Blades
  8018 | D:10     | Entered Level 10 of the Dungeon
  8397 | D:10     | Found Xuwusam's Changing Room.
  8514 | D:10     | Reached ** piety under Hepliaklqana
  8822 | D:10     | Noticed a two-headed ogre
  8835 | D:10     | Killed a two-headed ogre
  9487 | D:10     | Remembered your ancestor Cuetlachtli as a hexer
  9489 | D:11     | Found a staircase to the Lair.
  9557 | D:11     | Noticed a white ugly thing
  9558 | D:11     | Noticed a tengu warrior
  9567 | D:11     | Killed a white ugly thing
  9574 | D:11     | Killed a tengu warrior
  9786 | D:11     | Noticed a five-headed hydra
  9800 | D:11     | Killed a five-headed hydra
  9801 | D:11     | Reached skill level 1 in Evocations
  9873 | D:11     | Noticed a centaur warrior
  9878 | D:11     | Killed a centaur warrior
  9879 | D:11     | Reached skill level 1 in Maces & Flails
  9892 | D:11     | Noticed a fire dragon
  9911 | D:11     | Killed a fire dragon
 10076 | D:11     | Noticed a two-headed ogre
 10076 | D:11     | Noticed a stone giant
 10090 | D:11     | Killed a stone giant
 10091 | D:11     | Reached XP level 12. HP: 68/93 MP: 11/11
 10203 | D:11     | Noticed a death knight
 10216 | D:11     | Killed a death knight
 10217 | D:11     | Reached skill level 14 in Long Blades
 10299 | D:11     | Killed a two-headed ogre
 10574 | D:11     | Reached skill level 10 in Shields
 10764 | D:11     | Noticed a six-headed hydra
 10776 | D:11     | Killed a six-headed hydra
 11316 | D:12     | Found a staircase to the Orcish Mines.
 11428 | D:12     | Reached *** piety under Hepliaklqana
 11598 | D:12     | Noticed a two-headed ogre
 11611 | D:12     | Killed a two-headed ogre
 11617 | D:12     | Found a frozen archway.
 11636 | D:12     | Reached skill level 10 in Fighting
 11651 | IceCv    | Entered an ice cave
 12012 | IceCv    | Engulfed by an ice statue's freezing vapour

Illustrated notes

Levels and vault maps discovered:
D:1:      heliophobic_arrival_henge, layout_loops_ring, minivault_25
D:2:      layout_rooms, kennysheep_crisscross
D:3:      layout_rooms, chequers_ecumenical_altar_simple, portal_sewer_entry_d,
          uniq_sigmund
D:4:      layout_rooms, lemuel_crystal_altar, makhleb_blood_cavern_becter
D:5:      layout_cave_pools
D:6:      layout_rooms, chequers_serial_rivers_micro_e, uniq_grinder,
          uniq_duvessa
D:7:      layout_cave_pools, lemuel_temple_firewalk_b, serial_shops,
          nicolae_shop_statue_plus, lemuel_oklob_altar, uniq_pikel,
          uniq_crazy_yiuf_cottage
D:8:      layout_basic, nicolae_ossuary_entry_catacombs
D:9:      layout_roguey, minivault_24
D:10:     layout_gridville, nicolae_transmutations_shop
D:11:     layout_basic, david_lair_generic, minmay_evil_grid
D:12:     kennysheep_kobold_lugonu_temple, layout_basic, zombieorc2_lemuel,
          serial_ice, serial_ice_n, serial_ice_b, serial_ice_c, serial_ice_e,
          portal_ice_cave_entry_pillars_1, minmay_misc_feat_ornament,
          minmay_pinched_square, uniq_erolcha
Temple:   grunt_wide_crystal_templ
IceCv:    ice_cave_small_giant

Skill      XL: |  1  2  3  4  5  6  7  8  9 10 11 12 |
---------------+-------------------------------------+-----
Dodging        | 4 5 6 7 8 |  8.0
Long Blades    | 4 5 6 8 10 11 12 13 14 | 14.6
Fighting       | 3 4 5 6 7 9 10 | 10.2
Armour         | 1 2 3 4 5 6 7 8 |  8.6
Stealth        | 1 2 3 4 |  4.2
Shields        | 1 3 6 8 9 11 | 11.1
Slings         | 1 2 3 |  3.6
Throwing       | 3 |  3.0
Evocations     | 2 4 |  4.7
Maces & Flails | 2 3 |  3.0

Action                   |  1- 3 |  4- 6 |  7- 9 | 10-12 || total
-------------------------+-------+-------+-------+-------++-------
Melee: Long sword        |    31 |   119 |   256 |   647 ||  1053
       Headbutt          |     5 |    21 |    74 |   226 ||   326
       Morningstar       |       |       |       |    10 ||    10
 Fire: Fustibalus        |       |       |    11 |    11 ||    22
Throw: Throwing net      |     2 |       |       |       ||     2
       Boomerang         |       |    20 |     1 |     1 ||    22
Invok: Ancestor Life: He |       |       |       |     1 ||     1
       Ancestor Identity |       |       |       |     1 ||     1
  Use: Scroll            |       |     8 |     6 |     5 ||    19
       Potion            |       |       |     1 |     4 ||     5
 Stab: Sleeping          |     1 |       |       |     3 ||     4
       Held in net/web   |     1 |       |       |       ||     1
       Distracted        |       |       |     1 |     7 ||     8
       Confused          |       |       |       |     3 ||     3
Armor: Leather armour    |     7 |    17 |       |       ||    24
       Scale mail        |       |    15 |    49 |    11 ||    75
       Ring mail         |       |       |       |    90 ||    90
Dodge: Dodged            |    20 |    86 |   161 |   308 ||   575
Block: Other             |       |    10 |    20 |       ||    30
       Reflection        |       |     2 |     5 |    21 ||    28
       Buckler           |       |       |   100 |   374 ||   474
       Rpst.: Long sword |     2 |    23 |    44 |    71 ||   140
